 Dungeon Crawl Stone Soup version 0.21.1-1-g345015f (webtiles) character file.

242 neomagicwarrior the Cudgeler (level 5, -10/42 HPs)
             Began as a Demonspawn Monk on May 13, 2018.
             Was a Believer of Sif Muna.
             Mangled by an ogre
             ... wielding a +0 giant club
              (18 damage)
             ... on level 4 of the Dungeon.
             The game lasted 00:16:02 (3030 turns).

neomagicwarrior the Cudgeler (Demonspawn Monk)      Turns: 3030, Time: 00:16:02

Health: -10/42     AC:  8    Str: 14    XL:     5   Next: 82%
Magic:  5/5        EV: 13    Int: 11    God:    Sif Muna [**....]
Gold:   113        SH:  0    Dex: 17    Spells: 4/4 levels left

rFire    + + .     SeeInvis .   a - +0 mace
rCold    . . .     Gourm    .   (no shield)
rNeg     . . .     Faith    .   c - +0 leather armour
rPois    +         Spirit   .   (no helmet)
rElec    +         Reflect  .   (no cloak)
rCorr    +         Harm     .   i - +1 pair of gloves {Str+3}
MR       +....                  q - +2 pair of boots {Stlth+}
Stlth    +++.......             (no amulet)
HPRegen  0.14/turn              f - ring of fire
MPRegen  0.09/turn              n - ring of protection from magic

@: resistant
A: claws 2, powered by death 1
a: Divine Energy, Renounce Religion


You were on level 4 of the Dungeon.
You worshipped Sif Muna.
Sif Muna was pleased with you.
You were not hungry.

You visited 1 branch of the dungeon, and saw 4 of its levels.

You collected 113 gold pieces.

Inventory:

Hand Weapons
 a - a +0 mace (weapon)
Missiles
 h - 22 bolts
Armour
 c - a +0 leather armour (worn)
 i - a +1 pair of gloves of strength (worn)
 q - a +2 pair of boots of stealth (worn)
Jewellery
 f - a ring of fire (left hand)
 n - a ring of protection from magic (right hand)
Scrolls
 g - 6 scrolls of teleportation
Potions
 e - a potion of resistance
Comestibles
 m - 3 rations


   Skills:
 + Level 3.9 Fighting
 + Level 4.2 Maces & Flails
 + Level 1.8 Armour
 + Level 3.5 Dodging
 + Level 2.3 Stealth


You had 4 spell levels left.
You didn't know any spells.

Dungeon Overview and Level Annotations

Branches:
Dungeon (4/15)
 Temple: D:4-7

Altars:
Cheibriados
Dithmenos
Sif Muna
Uskayaw


Innate Abilities, Weirdness & Mutations

You have very sharp fingernails.
You regenerate a little health from kills.


Message History

The ogre is severely wounded.
The ogre hits you with a giant club!
* * * LOW HITPOINT WARNING * * *
You feel much better. The ogre hits you with a giant club!!
Ouch! That really hurt!
* * * LOW HITPOINT WARNING * * *
You barely miss the ogre.
The ogre is severely wounded.
The ogre hits you with a giant club!
* * * LOW HITPOINT WARNING * * *
It was a potion of resistance.
You feel protected.
It was a potion of curing.
You feel better. The ogre closely misses you.
You hit the ogre.
The ogre is severely wounded.
The ogre barely misses you.
You hit the ogre.
The ogre is severely wounded.
The ogre hits you with a giant club!!
You die...

##########
.....!..#
#######......#
.......@.....#..
####.##O........
#.<.......
#.#####... ....
.. ###.# # #.#
#.# #.


You could see an ogre.

Vanquished Creatures
  A hound (D:3)
  A worker ant (D:3)
  A hound skeleton (D:3)
  4 adders
  6 gnolls (D:3)
  An ooze (D:1)
  A worm (D:2)
  3 dart slugs
  2 leopard geckos
  An orc (D:3)
  6 bats
  6 giant cockroaches
  8 goblins
  6 hobgoblins
  6 jackals
  3 ball pythons
  2 frilled lizards (D:1)
  8 kobolds
  4 rats
70 creatures vanquished.

Notes
Turn   | Place    | Note
-------+----------+-------------------------------------------
     0 | D:1      | neomagicwarrior the Demonspawn Monk began the quest for the Orb.
     0 | D:1      | Reached XP level 1. HP: 18/18 MP: 1/1
   133 | D:1      | Gained mutation: You have sharp fingernails. [demonic ancestry]
   133 | D:1      | Reached XP level 2. HP: 12/24 MP: 2/2
   784 | D:2      | Found a snail-covered altar of Cheibriados.
   799 | D:2      | Gained mutation: You regenerate a little health from kills. [demonic ancestry]
   799 | D:2      | Reached XP level 3. HP: 29/29 MP: 3/3
   818 | D:2      | Reached skill level 3 in Maces & Flails
  1310 | D:2      | Reached XP level 4. HP: 35/35 MP: 4/4
  1392 | D:2      | Found a faded altar of an unknown god.
  1392 | D:2      | Found a deep blue altar of Sif Muna.
  1400 | D:2      | Found a faded altar of an unknown god.
  1417 | D:2      | Became a worshipper of Sif Muna the Loreminder
  1417 | D:2      | Reached * piety under Sif Muna
  1417 | D:2      | Reached ** piety under Sif Muna
  1420 | D:2      | Found a hide-covered altar of Uskayaw.
  1422 | D:2      | Found a shadowy altar of Dithmenos.
  2179 | D:3      | Reached skill level 1 in Armour
  2196 | D:3      | Gained mutation: You have very sharp fingernails. [demonic ancestry]
  2196 | D:3      | Reached XP level 5. HP: 37/42 MP: 5/5
  2383 | D:3      | Reached skill level 4 in Maces & Flails
  3017 | D:4      | Noticed an ogre
  3026 | D:4      | HP: 2/42 [ogre/giant club (7)]
  3030 | D:4      | Mangled by an ogre

Skill      XL: |  1  2  3  4  5 |
---------------+----------------+-----
Dodging        | 3 |  3.5
Maces & Flails | 3 4 |  4.2
Stealth        | 2 |  2.3
Armour         | 1 |  1.8
Fighting       | |  3.9

Action                   |  1- 3 |  4- 6 || total
-------------------------+-------+-------++-------
Melee: Mace              |   118 |   202 ||   320
  Use: Scroll            |     1 |     5 ||     6
       Potion            |     1 |     5 ||     6
 Stab: Sleeping          |     1 |     3 ||     4
       Distracted        |     1 |       ||     1
  Eat: Ration            |     1 |     1 ||     2
       Chunk             |       |     1 ||     1
Armor: Scale mail        |    84 |       ||    84
       Leather armour    |     2 |    71 ||    73
       Robe              |     1 |       ||     1
Dodge: Dodged            |   141 |   194 ||   335
